Map: Ulrena

Players

Dayshi

  • Race: Terran Terran
  • League: Grandmaster

Nerchio - Winner!

  • Race: Zerg Zerg
  • League: Grandmaster

Event: 2016 WCS Winter Challenger Europe

VOD

Have the link to the VOD?

Description

Time

  • Played on: Feb. 13, 2016, 12:44 p.m.
  • Length: 17:53

All games in this series

Show
View Real Time Build Order
Export as new Build Order

Dayshi Terran 

Build Orders: MMM Bio 

Get SALT Encoding   

  12  0:00  SCV  
  13  0:13  SCV  
  14  0:17  Supply Depot  
  14  0:25  SCV  
  15  0:39  SCV  
  15  0:40  Barracks  
  16  0:45  Refinery  
  16  0:51  SCV  
  17  1:03  SCV  
  18  1:15  SCV  
  19  1:27  Orbital Command  
  19  1:28  Barracks Reactor  
  19  1:41  Command Center  
  19  1:53  SCV  
  20  1:59  Supply Depot  
  20  2:04  Marine x2  
  20  2:05  SCV  
  23  2:11  Factory  
  23  2:18  Refinery  
  23  2:20  SCV  
  24  2:23  Marine x2  
  26  2:36  SCV  
  27  2:43  Marine  
  27  2:44  Marine  
  29  2:48  SCV  
  30  2:55  Factory Tech Lab  
  30  2:56  Starport  
  30  2:57  Orbital Command  
  30  3:00  SCV  
  31  3:07  Marine x2  
  31  3:12  SCV  
  34  3:16  Siege Tank  
  37  3:23  SCV  
  37  3:25  SCV  
  39  3:28  Supply Depot  
  39  3:31  Viking  
  41  3:35  SCV  
  41  3:40  Barracks  
  42  3:46  SCV  
  42  3:47  SCV  
  44  3:50  Supply Depot  
  44  3:54  Marine  
  44  3:55  Stimpack  
  45  3:58  SCV  
  45  4:00  Factory Tech Lab  
  46  4:06  SCV  
  46  4:08  Medivac  
  49  4:12  SCV, Marine  
  51  4:17  Supply Depot  
  51  4:18  SCV  
  51  4:24  SCV  
  53  4:30  SCV  
  54  4:33  Marine  
  54  4:36  Command Center, SCV  
  56  4:42  SCV  
  56  4:45  Marine x2  
  59  4:46  Siege Tank  
  59  4:49  SCV  
  59  4:50  Supply Depot  
  63  4:55  SCV  
  64  5:00  Bunker  
  64  5:04  SCV  
  63  5:07  Refinery, SCV  
  63  5:09  Marine x2  
  63  5:10  Starport Reactor  
  63  5:13  Engineering Bay  
  63  5:14  Engineering Bay  
  66  5:16  SCV  
  66  5:19  SCV  
  68  5:22  Marauder  
  68  5:28  Marine x2  
  70  5:29  SCV  
  70  5:31  Siege Tank, SCV  
  77  5:41  Refinery  
  77  5:43  SCV  
  77  5:46  SCV  
  76  5:51  Marine x2  
  76  5:52  Marauder  
  76  5:56  Terran Infantry Weapons Level 1, Terran Infantry Armor Level 1  
  80  5:58  SCV x2, Orbital Command  
  82  6:05  Medivac  
  82  6:06  Barracks x2  
  82  6:09  Combat Shields  
  82  6:11  SCV x2  
  86  6:14  Marauder, Marine x2  
  90  6:23  SCV x2  
  90  6:24  SCV  
  93  6:28  Supply Depot  
  93  6:32  Supply Depot  
  93  6:34  Supply Depot  
  93  6:35  SCV x2, Marine  
  93  6:37  SCV  
  93  6:39  Medivac  
  99  6:43  Medivac  
  101  6:49  SCV x2, Marine  
  101  6:50  Marauder  
  101  6:53  Barracks  
  106  6:54  Barracks Reactor  
  106  6:55  Barracks Tech Lab  
  106  6:58  Factory Reactor  
  106  7:00  SCV  
  107  7:01  Barracks  
  107  7:04  Armory  
  107  7:14  Medivac x2  
  107  7:15  SCV x3  
  114  7:19  Marauder x2  
  115  7:23  Refinery  
  115  7:25  Concussive Shells, Marine x2  
  115  7:27  SCV x2  
  119  7:30  SCV  
  119  7:33  Supply Depot  
  119  7:34  Supply Depot  
  119  7:35  Supply Depot  
  120  7:42  Marauder x2  
  124  7:46  Supply Depot, Barracks, SCV  
  124  7:47  SCV x2  
  124  7:49  Marauder  
  127  7:56  Refinery  
  127  7:57  Terran Infantry Weapons Level 2, Command Center  
  127  8:03  Marine x3  
  127  8:04  Terran Infantry Armor Level 2, Marine  
  130  8:09  Marauder x2  
  130  8:10  Marine  
  135  8:13  Barracks Tech Lab  
  135  8:20  Factory Tech Lab  
  135  8:21  Ghost Academy, Marine x2  
  135  8:24  Marine x2  
  139  8:28  Marauder  
  139  8:31  Marauder  
  141  8:35  Marine x3  
  141  8:36  Marauder  
  141  8:39  Marine x2  
  146  8:42  Marine  
  146  8:44  Marine  
  138  8:50  Marauder  
  138  8:52  Marauder  
  138  8:53  Marine x2  
  125  8:57  Marauder, Marine x2  
  125  9:00  Marine  
  125  9:02  Marine  
  122  9:10  Factory Reactor  
  122  9:11  Marauder, Marine x2  
  122  9:12  Liberator, Command Center  
  122  9:13  Marauder  
  122  9:14  Marauder  
  122  9:16  Marine  
  131  9:18  Marauder  
  136  9:32  Marauder  
  136  9:35  Marauder  
  136  9:36  Marauder  
  141  9:39  Ghost  
  135  9:53  Ghost  
  135  9:55  Ghost  
  135  9:57  Ghost  
  135  9:58  Marine x5  
  141  10:04  Marine  
  142  10:07  Ghost  
  142  10:08  Planetary Fortress  
  144  10:15  Personal Cloaking, Liberator  
  144  10:16  Marine x2  
  146  10:22  Marauder  
  146  10:24  Terran Ship Weapons Level 1, Terran Infantry Weapons Level 3  
  146  10:25  Marauder  
  146  10:26  Ghost  
  155  10:36  Ghost  
  137  10:43  Ghost  
  137  10:45  Ghost, Marine  
  137  10:46  Marine  
  137  10:48  Marine  
  137  10:49  Liberator  
  133  10:54  Ghost  
  133  10:55  Marine x2  
  133  10:56  Marine  
  138  11:03  Marine  
  139  11:04  Ghost, Liberator  
  139  11:05  Marine  
  139  11:06  Marine  
  139  11:10  Orbital Command  
  146  11:12  Marauder  
  146  11:14  Refinery  
  146  11:15  Refinery  
  148  11:20  Sensor Tower, Widow Mine x2  
  155  11:28  Ghost  
  155  11:29  Marine x2  
  154  11:40  Marine  
  154  11:41  Marauder x3, Nuke  
  161  11:48  Marine  
  162  11:56  Ghost  
  125  12:01  Ghost  
  125  12:02  Ghost, Marauder  
  125  12:03  Marine x2  
  125  12:04  Marine  
  125  12:05  Marine x2  
  125  12:06  Marine  
  132  12:21  Marine x2  
  132  12:22  Marine  
  121  12:23  Ghost, Marine x2  
  121  12:24  Marine  
  121  12:25  Ghost, Liberator x2  
  127  12:31  Marauder x2  
  127  12:32  Orbital Command  
  131  12:38  Marine  
  131  12:39  Marine  
  131  12:40  Marine  
  131  12:41  Marine x2  
  131  12:43  Marine  
  143  12:52  Ghost, Marauder x2  
  143  12:54  Marauder  
  143  12:56  Marine x2  
  153  13:04  Refinery, Marine  
  151  13:09  Refinery  
  149  13:13  Ghost x2, Marine x2  
  149  13:16  Marauder  
  153  13:25  Widow Mine x2  
  153  13:26  Ghost  
  153  13:27  Liberator x2  
  122  13:36  Ghost, Reaper  
  114  13:41  Ghost x2, Marine x2  
  114  13:42  Marine x2  
  114  13:43  Marine  
  115  13:53  Widow Mine x2  
  115  13:54  Marine, Orbital Command  
  112  13:59  Marine x2  
  112  14:02  Marine x3  
  108  14:06  Marauder  
  108  14:08  SCV x3  
  103  14:20  SCV x3  
  106  14:24  Ghost Academy  
  106  14:27  Marauder x3, Marine  
  106  14:28  Marauder  
  115  14:32  SCV  
  115  14:36  Liberator x2  
  70  14:46  Orbital Command  
  70  14:49  Marauder x3, Marine  
  70  14:50  Marauder  
  75  15:07  Marine x5  
  68  15:09  Ghost  
  68  15:10  Marauder  
  73  15:14  Orbital Command  
  73  15:25  Orbital Command  
  73  15:32  Ghost  
  75  15:36  Ghost  
  74  15:52  Reaper  
  75  15:57  Refinery x2  
  75  15:58  Marine  
  75  15:59  Marauder  
  75  16:14  Ghost  
  75  16:16  Marine x2  
  75  16:17  Marauder x2, Widow Mine, Marine  
  66  16:18  Widow Mine  
  66  16:19  Marine  
  66  16:23  Marine  
  66  16:24  Marauder  
  72  16:31  SCV  
  72  16:32  Liberator  
  73  16:44  SCV, Marine x6  
  82  16:56  Marine x2  
  69  17:16  SCV  
  69  17:18  SCV  
  69  17:19  Marauder x3, Marine  
  77  17:30  Marine  
Show
View Real Time Build Order
Export as new Build Order

Nerchio Zerg - Winner!

Build Orders: Hatch First 

Get SALT Encoding   

  12  0:01  Drone  
  13  0:12  Overlord  
  13  0:17  Drone  
  14  0:31  Drone x2  
  14  0:34  Drone  
  17  0:52  Hatchery  
  17  0:56  Drone  
  17  1:00  Drone  
  17  1:04  Extractor  
  17  1:15  Spawning Pool  
  16  1:19  Drone  
  16  1:22  Drone  
  18  1:29  Drone  
  19  1:38  Overlord  
  19  1:51  Drone  
  20  2:01  Queen  
  20  2:02  Zergling x2  
  20  2:04  Queen  
  20  2:07  Metabolic Boost  
  25  2:11  Zergling x2  
  25  2:14  Drone  
  27  2:17  Drone  
  27  2:21  Drone  
  29  2:25  Drone  
  30  2:36  Drone x2  
  32  2:37  Queen  
  32  2:43  Overlord  
  34  2:47  Queen  
  36  2:52  Overlord  
  36  3:02  Drone x2  
  36  3:04  Drone  
  39  3:09  Drone x4  
  43  3:21  Hatchery  
  43  3:23  Drone  
  43  3:24  Drone  
  44  3:27  Drone  
  44  3:33  Overlord  
  45  3:34  Spore Crawler  
  45  3:39  Drone  
  45  3:41  Drone  
  45  3:44  Roach Warren  
  45  3:45  Extractor  
  45  3:47  Drone  
  45  3:48  Drone  
  46  3:50  Drone  
  46  3:53  Drone x2  
  46  3:55  Drone  
  50  4:03  Overlord x2  
  50  4:04  Drone  
  50  4:07  Drone  
  52  4:13  Overlord  
  52  4:16  Overlord  
  52  4:23  Evolution Chamber  
  51  4:29  Roach x3  
  57  4:32  Drone x3  
  57  4:34  Extractor  
  57  4:35  Lair  
  57  4:37  Drone x2, Extractor  
  60  4:40  Overlord  
  60  4:45  Overlord  
  60  4:51  Overlord  
  60  4:55  Zerg Ground Armor Level 1  
  60  4:57  Drone x2  
  62  5:00  Evolution Chamber  
  62  5:02  Drone x3  
  62  5:04  Drone  
  62  5:06  Drone  
  66  5:09  Drone  
  66  5:11  Drone  
  66  5:12  Drone  
  69  5:14  Drone  
  69  5:15  Drone  
  69  5:20  Drone  
  71  5:22  Drone x2  
  71  5:23  Drone x2  
  71  5:25  Drone  
  71  5:28  Roach  
  78  5:30  Overlord  
  78  5:34  Roach x2  
  82  5:38  Zerg Melee Weapons Level 1  
  82  5:39  Extractor  
  82  5:40  Extractor  
  82  5:41  Glial Reconstitution  
  80  5:53  Drone x4  
  80  5:56  Roach x2  
  80  5:57  Roach x2  
  92  6:00  Queen  
  92  6:01  Infestation Pit  
  93  6:05  Drone x3  
  96  6:18  Pneumatized Carapace  
  96  6:21  Overlord x2  
  96  6:24  Zergling x6  
  99  6:26  Overlord  
  99  6:27  Hatchery  
  98  6:34  Drone x2  
  98  6:37  Overlord x3  
  100  6:41  Infestor x2  
  100  6:45  Hive  
  104  6:54  Zerg Ground Armor Level 2  
  104  7:00  Overlord x2  
  104  7:03  Roach x4  
  104  7:06  Drone  
  104  7:07  Drone x3  
  116  7:09  Drone x2  
  116  7:12  Overlord  
  118  7:19  Roach x2  
  118  7:20  Roach  
  118  7:21  Spore Crawler  
  122  7:24  Roach x2  
  126  7:30  Roach x3  
  126  7:37  Zerg Melee Weapons Level 2  
  132  7:39  Drone x2, Extractor, Queen  
  132  7:41  Ravager x3  
  138  7:52  Drone x2  
  138  7:55  Overlord  
  138  7:56  Ravager x2  
  142  8:01  Overlord x3  
  142  8:04  Ultralisk Cavern  
  138  8:06  Overlord  
  138  8:07  Zergling x4, Extractor  
  138  8:08  Zergling x6  
  138  8:09  Overlord  
  138  8:11  Overlord  
  142  8:23  Roach  
  142  8:24  Zergling x4, Roach x3  
  142  8:25  Zergling x6  
  142  8:26  Zergling x4  
  157  8:33  Roach x4  
  161  8:36  Ravager  
  161  8:37  Ravager x3, Roach  
  161  8:38  Roach  
  161  8:41  Roach x2  
  171  8:47  Roach x3  
  161  8:48  Roach  
  161  8:50  Roach  
  161  8:52  Roach  
  161  8:53  Roach  
  161  8:54  Infestor  
  146  9:05  Chitinous Plating  
  146  9:06  Ultralisk  
  151  9:12  Ultralisk  
  157  9:18  Spore Crawler  
  157  9:19  Zerg Ground Armor Level 3  
  156  9:24  Pathogen Glands  
  156  9:26  Infestor  
  158  9:38  Zergling x14  
  165  9:41  Zergling x10  
  170  9:49  Drone  
  170  9:50  Drone x3  
  165  9:54  Drone x2  
  165  9:57  Drone  
  169  10:00  Ultralisk  
  169  10:02  Zerg Melee Weapons Level 3  
  169  10:06  Drone  
  169  10:07  Drone  
  171  10:10  Ultralisk  
  177  10:14  Infestor  
  179  10:24  Infestor  
  181  10:29  Overlord x2  
  181  10:32  Overlord  
  180  10:35  Hatchery  
  167  10:44  Ultralisk  
  167  10:47  Infestor  
  167  10:48  Infestor  
  169  10:52  Ultralisk  
  175  10:59  Ultralisk  
  181  11:09  Ultralisk, Spire  
  186  11:16  Zergling x12  
  192  11:20  Overseer x2  
  192  11:29  Ultralisk  
  198  11:46  Overseer x2  
  198  11:48  Extractor  
  197  11:57  Ultralisk  
  197  11:58  Ultralisk x2  
  198  12:01  Zergling x2  
  197  12:16  Infestor x2  
  196  12:23  Corruptor x2  
  198  12:40  Zerg Flyer Weapons Level 1, Zerg Missile Weapons Level 1  
  198  12:43  Drone  
  199  12:44  Overseer  
  199  12:45  Overseer x2  
  199  12:51  Drone x3  
  187  13:05  Zergling x2  
  187  13:06  Zergling x22  
  167  13:28  Infestor x3  
  167  13:34  Ultralisk  
  169  13:44  Zergling x2  
  169  13:45  Zergling x16  
  169  13:53  Infestor  
  168  13:56  Zergling x12  
  173  14:07  Overlord x2  
  173  14:08  Overlord  
  163  14:10  Ultralisk  
  163  14:11  Drone x3  
  163  14:12  Drone x2  
  163  14:13  Overlord x3  
  163  14:15  Overlord  
  172  14:24  Infestor  
  162  14:26  Drone x3  
  162  14:27  Drone x5  
  165  14:37  Ultralisk  
  153  14:44  Zergling x10  
  152  14:46  Zergling x2  
  152  14:50  Zergling x4  
  152  14:52  Zergling x2  
  148  14:53  Zergling x2  
  148  14:57  Infestor  
  139  15:04  Zergling x10  
  130  15:13  Drone x2  
  132  15:17  Ultralisk  
  138  15:22  Drone x3  
  141  15:31  Corruptor  
  143  15:35  Ravager  
  143  15:36  Ravager  
  143  15:41  Zergling x8  
  149  15:46  Overseer x2  
  149  15:47  Zergling x6  
  149  15:48  Zergling x4  
  154  15:51  Zergling x4  
  154  15:53  Overseer  
  148  16:13  Infestor x2  
  143  16:24  Zergling x24  
  155  16:35  Ultralisk x2  
  155  16:38  Overlord x3  
  167  16:50  Drone x2  
  167  16:51  Ultralisk  
  167  16:52  Extractor  
  174  17:00  Zergling x2  
  174  17:01  Zergling x12  
  178  17:02  Hatchery  
  178  17:08  Ultralisk  
  183  17:10  Overseer  
  183  17:14  Corruptor  
  183  17:28  Zergling x16  
Tags
 
Add a new tag
Caveats
  • Supply blocks, unpowered buildings, or Contaminate may cause inaccurate times.
  • Supply counts are checked every 10 seconds.